 Dungeon Crawl Stone Soup version 0.29.1-2-gbd0b4ee654 (webtiles) character file.

Game seed: 14119975611972821142

1890 qeuew the Ducker (level 9, -9/69 HPs)
             Began as a Merfolk Gladiator on Nov 9, 2022.
             Was an Initiate of Gozag.
             Mangled by a soul eater (13 damage)
             ... summoned by an orc high priest
             ... in a bailey.
             The game lasted 00:11:21 (6984 turns).

qeuew the Ducker (Merfolk Gladiator)                Turns: 6984, Time: 00:11:22

Health: -9/69      AC: 11    Str: 18    XL:     9   Next: 15%
Magic:  9/9        EV: 16    Int:  8    God:    Gozag
Gold:   64         SH:  5    Dex: 21    Spells: 8/8 levels left

rFire   . . .      SeeInvis +   a - +1 trident (flame)
rCold   . . .      Faith    .   (no shield)
rNeg    . . .      Spirit   .   m - +0 ring mail
rPois   .          Reflect  +   c - +1 helmet
rElec   .          Harm     .   (no cloak)
rCorr   .          Rampage  .   s - +0 pair of gloves
Will    .....                   x - +1 pair of boots
Stlth   +.........              A - amulet of reflection
HPRegen 0.21/turn               f - +6 ring of dexterity
MPRegen 0.11/turn               u - ring of see invisible

@: no status effects
A: (nimble swimmer 2), mertail
a: Renounce Religion, Potion Petition, Call Merchant, Bribe Branch


You were in a bailey.
You worshipped Gozag.
Gozag was noncommittal.
You visited 2 branches of the dungeon, and saw 8 of its levels.
You also visited: Bailey.

You collected 609 gold pieces.
You spent 390 gold pieces at shops.
You paid 155 gold pieces to Gozag.

Inventory:

Hand Weapons
 a - a +1 trident of flaming (weapon)
Missiles
 d - 2 throwing nets (quivered)
 e - 6 javelins
Armour
 c - a +1 helmet (worn)
 m - a +0 ring mail (worn)
 s - a +0 pair of gloves (worn)
 x - a +1 pair of boots (worn)
Jewellery
 f - a +6 ring of dexterity (left hand)
 u - a ring of see invisible (right hand)
 A - an amulet of reflection (around neck)
Scrolls
 b - 4 scrolls of teleportation
 g - a scroll of fog
 i - 2 scrolls of amnesia
 j - 3 scrolls of enchant armour
 l - a scroll of summoning
 n - a scroll of magic mapping
 p - a scroll of silence
 q - a scroll of enchant weapon
 t - a scroll of brand weapon
Potions
 h - 2 potions of curing
 k - a potion of invisibility
 o - a potion of might
 r - a potion of flight
 v - a potion of haste
 w - a potion of ambrosia
 z - a potion of brilliance


   Skills:
 + Level 6.0 Fighting
 + Level 7.8 Polearms
 + Level 5.5 Throwing
 + Level 3.7 Armour
 + Level 7.9 Dodging


You had 8 spell levels left.
You didn't know any spells.
Your spell library contained the following spells:

 Spells                   Type           Power      Damage    Failure   Level
 Beastly Appendage        Tmut           0%         N/A       58%         1
 Foxfire                  Conj/Fire      0%         2x1d4     58%         1
 Wereblood                Tmut           0%         N/A       75%         2
 Conjure Flame            Conj/Fire      0%         6-21      92%         3
 Dazzling Flash           Conj/Hex       0%         N/A       92%         3
 Ignite Poison            Fire/Tmut/Pois 0%         N/A       92%         3
 Inner Flame              Hex/Fire       0%         N/A       92%         3
 Mephitic Cloud           Conj/Pois/Air  0%         N/A       92%         3
 Ozocubu's Armour         Ice            0%         N/A       92%         3
 Spider Form              Tmut/Pois      0%         N/A       92%         3
 Flame Wave               Conj/Fire      0%         2d4       100%        4
 Iskenderun's Mystic Bla  Conj/Tloc      0%         2d3       100%        4
 Freezing Cloud           Conj/Ice/Air   0%         6-21      100%        5
 Starburst                Conj/Fire      0%         6d3       100%        6
 Ozocubu's Refrigeration  Ice            0%         4d7       100%        7


Dungeon Overview and Level Annotations

Branches:
Dungeon (7/15)             Temple (1/1) D:6          Bailey (1/1)

Altars:
Ashenzari
Cheibriados
Dithmenos
Fedhas
Gozag
Okawaru
Qazlal
Trog
Uskayaw
Xom
Zin

Shops:
D:2 :   D:4 *


Innate Abilities, Weirdness & Mutations

((You are very nimble when in or above water. (Stealth+, EV+, Speed+++)))
Your lower body shifts to a powerful aquatic tail in water.


Message History

The orc high priest is lightly wounded.
The orc high priest hits you with a +0 war axe.
The soul eater draws from the surrounding life force!
Throw: 3 throwing nets
Press: ? - help, Q - select action, (/) - cycle Shift-Dir - straight line, f - orc high priest
Aim: an orc high priest, wielding a +0 war axe and wearing a +0 ring mail (lightly wounded, 64% to hit)
You throw a throwing net.
The throwing net hits the orc high priest.
The orc high priest is caught in the net!
The orc high priest is lightly wounded.
The orc high priest utters an invocation to Beogh.
The orc high priest struggles against the net.
You hit the orc high priest. You burn the orc high priest.
The orc high priest is lightly wounded.
The soul eater draws from the surrounding life force!
You hit the orc high priest. You burn the orc high priest.
The orc high priest is lightly wounded.
The soul eater completely misses you. The sun demon misses you.
The orc high priest struggles against the net.
The orc warrior hits you with a +0 war axe!
You catch the helpless orc high priest completely off-guard!
You hit the orc high priest. You burn the orc high priest.
You punch the orc high priest, but do no damage.
The orc high priest is moderately wounded.
The soul eater hits you but does no damage.
The sun demon hits you!!
* * * LOW HITPOINT WARNING * * *
You are engulfed in flames!
* * * LOW HITPOINT WARNING * * *
Okay, then.
Press: ? - help, v - describe, . - travel, g - get item
Here: an orc high priest, wielding a +0 war axe and wearing a +0 ring mail (moderately wounded, entangled in a net) Item here: a throwing net.
The floor, spattered with blood.
As you read the scroll of summoning, it crumbles to dust.
Wisps of shadow whirl around you...
The shadows disperse without effect.
The orc high priest struggles against the net.
The orc warrior completely misses you. The soul eater hits you!
You die...
Your body crumbles into a pile of gold.

~~~~~~~~~~~~######≈≈≈≈≈#
............+.. $#≈≈≈≈≈#
#############.o#+#≈≈≈≈≈#
+....#≈≈≈≈≈# ...#≈≈≈≈≈#
####.#≈≈≈≈≈#
+))#.~≈≈≈≈≈#
#))#o~≈≈≈≈≈#
#..#@3≈≈≈≈≈#
####o3≈≈≈≈≈# #3o≈≈≈≈≈#
.∩~≈≈≈≈≈# .#.~≈≈≈≈≈#
###.~≈≈≈≈≈# #.~≈≈≈≈≈#
#.~≈≈≈≈≈#


You could see a soul eater (summoned), an orc high priest (caught), a sun demon
(summoned), a smoke demon (summoned), an orc warrior and an orc.

Vanquished Creatures
  A water moccasin (D:4)
  2 black bears (D:5)
  An ice beast (D:6)
  4 ogres
  2 phantoms
  A necrophage (D:5)
  6 scorpions
  2 electric eels (Bailey)
  A jelly (D:5)
  4 hounds
  5 orc wizards
  4 gnolls (D:3)
  9 adders
  2 white imps (D:5)
  An ufetubus (D:5)
  4 worms (D:2)
  2 dart slugs
  9 orcs
  10 endoplasms
  2 giant cockroaches
  9 hobgoblins
  4 jackals
  11 kobolds
  5 quokkas
  6 ball pythons
  6 bats
  4 frilled lizards
  10 goblins
  11 rats
138 creatures vanquished.

Vanquished Creatures (others)
  A goblin (D:7)
1 creature vanquished.

Grand Total: 139 creatures vanquished

Notes
Turn   | Place    | Note
-------+----------+-------------------------------------------
     0 | D:1      | qeuew the Merfolk Gladiator began the quest for the Orb.
     0 | D:1      | Reached XP level 1. HP: 16/16 MP: 1/1
   226 | D:1      | Reached XP level 2. HP: 23/23 MP: 2/2
   802 | D:2      | Reached XP level 3. HP: 28/28 MP: 3/3
   823 | D:2      | Found Guomuc's Book Shop.
  1245 | D:2      | Reached XP level 4. HP: 32/34 MP: 4/4
  1312 | D:2      | Reached skill level 1 in Armour
  1463 | D:2      | Found a faded altar of an unknown god.
  1917 | D:2      | Reached skill level 5 in Polearms
  1917 | D:2      | Reached XP level 5. HP: 37/41 MP: 5/5
  2277 | D:3      | Reached skill level 5 in Dodging
  2904 | D:4      | Noticed a phantom
  2909 | D:4      | Reached XP level 6. HP: 36/47 MP: 6/6
  3446 | D:4      | Reached XP level 7. HP: 24/54 MP: 7/7
  3619 | D:4      | Found Reputy's Retail Resort.
  3753 | D:5      | Entered Level 5 of the Dungeon
  4261 | D:5      | Reached XP level 8. HP: 56/61 MP: 8/8
  4443 | D:5      | Reached skill level 5 in Fighting
  5204 | D:6      | Found a staircase to the Ecumenical Temple.
  5214 | Temple   | Entered the Ecumenical Temple
  5268 | Temple   | Became a worshipper of Gozag Ym Sagoz the Greedy
  5340 | D:6      | Reached skill level 5 in Throwing
  5713 | D:6      | Found a broken altar of Ashenzari.
  5961 | D:6      | Reached XP level 9. HP: 69/69 MP: 9/9
  6559 | D:4      | Bought an amulet of reflection for 390 gold pieces
  6677 | D:7      | Found a flagged portal.
  6693 | Bailey   | Entered a bailey
  6971 | Bailey   | Noticed an orc high priest
  6976 | Bailey   | Noticed a soul eater
  6981 | Bailey   | Noticed a smoke demon
  6981 | Bailey   | Noticed a sun demon
  6984 | Bailey   | Mangled by a soul eater

Illustrated notes

Levels and vault maps discovered:
D:1:      heliophobic_arrival_henge, layout_loops_ring
D:2:      layout_basic, serial_shops, nicolae_shop_crystal,
          chequers_ecumenical_altar_island, minmay_divided_ellipse
D:3:      layout_loops_ring, minmay_misc_feat_iff, st_stairs_6
D:4:      layout_basic, nicolae_alphabet_shops
D:5:      minmay_spotlight, layout_gridville, st_stairs_2
D:6:      layout_cave_pods, nicolae_ashenzari_panopticon,
          minmay_temple_entry_large_hall
D:7:      layout_basic, enter_bailey_5, serial_bayou_lake_a, uniq_menkaure,
          uniq_duvessa
Temple:   cyrus_temple_forest
Bailey:   bailey_axe_of_yendor_kennysheep, bailey

Skill      XL: |  1  2  3  4  5  6  7  8  9 |
---------------+----------------------------+-----
Armour         | 1 2 3 |  3.7
Fighting       | 3 4 5 6 |  6.0
Polearms       | 5 6 7 |  7.8
Dodging        | 5 6 7 |  7.9
Throwing       | 3 4 5 |  5.5

Action                   |  1- 3 |  4- 6 |  7- 9 || total
-------------------------+-------+-------+-------++-------
Melee: Trident           |   124 |   196 |   216 ||   536
       Tailslap          |       |     1 |     2 ||     3
       Punch             |       |       |     3 ||     3
Throw: Throwing net      |       |     1 |     3 ||     4
  Use: Scroll            |     6 |     5 |     8 ||    19
       Potion            |     1 |     3 |     5 ||     9
 Stab: Sleeping          |     3 |     5 |       ||     8
       Held in net/web   |       |       |     2 ||     2
       Distracted        |       |       |     1 ||     1
Armor: Leather armour    |    18 |     8 |       ||    26
       Ring mail         |       |    55 |    75 ||   130
Dodge: Dodged            |    63 |   111 |   201 ||   375
Block: Other             |       |       |     6 ||     6
       Reflection        |       |       |     3 ||     3
